Map: [ESL] Hecate

Players

ShoWTimE

  • Race: Protoss Protoss
  • Spawn Location: 1:00

HeroMarine - Winner!

  • Race: Terran Terran
  • Spawn Location: 7:00

Event: ESL SC2 Masters 2023 Winter (Finals)

VOD

Have the link to the VOD?

Description

Time

  • Played on: Dec. 16, 2023, 10:07 a.m.
  • Length: 7:14

All games in this series

Show
View Real Time Build Order
Export as new Build Order

ShoWTimE Protoss 

Build Orders: 1 Gate Expand, Phoenix Opening, Colossus Rush 

Get SALT Encoding   

  12  0:00  Probe  
  13  0:12  Probe  
  14  0:18  Pylon  
  14  0:24  Probe  
  15  0:36  Probe (Chrono Boost)  
  15  0:38  Gateway  
  16  0:46  Probe (Chrono Boost)  
  16  0:49  Assimilator  
  17  0:51  Probe (Chrono Boost)  
  18  1:03  Probe  
  19  1:15  Probe  
  20  1:25  Nexus  
  20  1:34  Cybernetics Core  
  20  1:37  Probe  
  21  1:44  Assimilator  
  21  1:49  Probe  
  21  1:53  Pylon  
  22  2:01  Probe  
  23  2:09  Stalker (Chrono Boost)  
  23  2:13  Probe  
  26  2:25  Probe  
  26  2:29  Stargate  
  27  2:30  Adept (Chrono Boost)  
  29  2:37  Probe  
  29  2:38  Probe  
  29  2:41  Warp Gate  
  31  2:47  Shield Battery  
  31  2:49  Probe  
  31  2:50  Probe  
  33  2:56  Stalker  
  35  3:01  Probe  
  35  3:02  Probe  
  37  3:13  Probe  
  37  3:15  Probe  
  37  3:16  Phoenix  
  41  3:25  Probe, Pylon  
  41  3:27  Probe  
  43  3:37  Gateway  
  43  3:38  Probe  
  43  3:39  Probe  
  45  3:43  Phoenix (Chrono Boost)  
  47  3:50  Probe (Chrono Boost)  
  47  3:51  Robotics Facility, Probe (Chrono Boost)  
  49  3:58  Pylon  
  49  4:02  Assimilator, Phoenix (Chrono Boost)  
  51  4:03  Probe (Chrono Boost)  
  51  4:08  Probe (Chrono Boost)  
  53  4:10  Probe (Chrono Boost)  
  53  4:11  Assimilator  
  53  4:16  Probe  
  55  4:17  Probe  
  55  4:18  Pylon  
  56  4:26  Phoenix  
  56  4:28  Probe  
  56  4:29  Probe  
  60  4:40  Probe  
  60  4:41  Probe  
  62  4:47  Robotics Bay  
  62  4:52  Probe  
  63  4:53  Probe  
  63  4:56  Observer (Chrono Boost)  
  63  4:58  Pylon  
  65  5:00  Nexus  
  65  5:04  Probe  
  65  5:05  Phoenix  
  65  5:06  Probe  
  69  5:13  Immortal (Chrono Boost)  
  69  5:16  Probe  
  69  5:18  Pylon, Probe  
  75  5:24  Shield Battery  
  75  5:28  Probe  
  75  5:30  Probe  
  77  5:40  Probe  
  77  5:41  Colossus (Chrono Boost)  
  77  5:42  Probe  
  79  5:48  Gateway  
  85  5:50  Gateway  
  85  5:53  Probe  
  85  5:54  Forge  
  86  5:58  Twilight Council  
  86  5:59  Pylon  
  86  6:05  Gateway  
  86  6:09  Gateway  
  86  6:10  Pylon  
  86  6:13  Sentry x2  
  86  6:14  Probe x2  
  92  6:20  Colossus (Chrono Boost)  
  98  6:26  Pylon  
  98  6:31  Pylon  
  98  6:34  Pylon  
  98  6:39  Zealot x2  
  102  6:44  Phoenix  
  104  6:48  Pylon  
  104  6:53  Zealot  
  104  6:54  Zealot  
  108  7:00  Zealot x2  
  102  7:08  Zealot  
  86  7:12  Zealot  
Show
View Real Time Build Order
Export as new Build Order

HeroMarine Terran - Winner!

Build Orders:  

Get SALT Encoding   

  12  0:00  SCV  
  13  0:12  SCV  
  14  0:16  Supply Depot  
  14  0:24  SCV  
  15  0:38  SCV  
  15  0:39  Barracks  
  16  0:46  Refinery  
  16  0:50  SCV  
  16  0:54  Refinery  
  17  1:02  SCV  
  18  1:14  SCV  
  19  1:26  Orbital Command  
  19  1:28  Reaper  
  20  1:47  Factory, Supply Depot  
  20  1:52  SCV  
  21  2:00  Reaper  
  22  2:04  SCV  
  23  2:16  SCV  
  24  2:24  Command Center  
  24  2:28  SCV  
  25  2:31  Hellion  
  25  2:34  Barracks Reactor  
  27  2:40  SCV  
  27  2:43  Supply Depot  
  28  2:46  Starport  
  28  2:52  SCV  
  28  2:54  Widow Mine  
  31  3:05  SCV  
  32  3:12  Marine x2  
  34  3:16  Widow Mine  
  34  3:17  SCV  
  37  3:23  Medivac  
  39  3:31  SCV  
  39  3:36  Marine x2  
  39  3:39  Cyclone  
  43  3:44  SCV  
  43  3:47  Orbital Command  
  44  3:53  Marine x2  
  44  3:54  Starport Tech Lab  
  46  3:56  SCV  
  46  4:00  Barracks  
  47  4:07  Supply Depot  
  47  4:08  SCV  
  48  4:11  Marine x2  
  48  4:13  Raven, Interference Matrix  
  48  4:15  SCV  
  53  4:17  Factory Tech Lab  
  53  4:20  SCV  
  54  4:29  Marine x2  
  56  4:32  SCV  
  56  4:33  SCV  
  56  4:39  Barracks, Engineering Bay  
  56  4:45  Supply Depot  
  55  4:47  SCV, Marine x2  
  55  4:48  SCV  
  55  4:52  Raven  
  61  4:59  SCV  
  60  5:00  SCV  
  60  5:01  Stimpack, Marine  
  60  5:02  Supply Depot  
  60  5:06  Marine x2, Supply Depot  
  64  5:11  SCV  
  64  5:12  SCV  
  64  5:13  Terran Infantry Weapons Level 1, Refinery  
  66  5:19  Missile Turret, Marine  
  67  5:24  Marine x2, SCV x2  
  71  5:36  Starport Reactor, SCV x2  
  71  5:37  Marine  
  71  5:39  Combat Shield, Marine  
  71  5:42  Missile Turret, Marine x2  
  77  5:47  Cyclone  
  80  5:54  Marine, Supply Depot  
  80  5:57  Marine  
  80  5:59  Supply Depot  
  80  6:00  Marine x2, Supply Depot  
  81  6:12  Marine, Medivac x2  
  81  6:16  SCV x2, Marine  
  81  6:17  Missile Turret, Refinery  
  81  6:18  Marine x2  
  91  6:19  Cyclone  
  93  6:30  Marine  
  96  6:33  Marine  
  96  6:36  Marine x2  
  97  6:42  Command Center  
  97  6:44  SCV x2  
  99  6:48  Marine  
  99  6:51  Marine  
  99  6:53  Marine x2  
  107  6:56  SCV x2  
Tags
 
Add a new tag
Caveats
  • Supply blocks, unpowered buildings, or Contaminate may cause inaccurate times.
  • Supply counts are checked every 10 seconds.